 Dungeon Crawl Stone Soup version 0.31-a0-1309-gbf3fed316f (webtiles) character file.

Game seed: 2866539359250338373

144 Azuregosa the Slasher (level 5, -17/41 HPs)
             Began as a Human Fighter on Dec 20, 2023.
             Blown up by Ijyb (20 damage)
             ... with a mindburst bolt
             ... on level 4 of the Dungeon.
             The game lasted 00:06:07 (2423 turns).

Azuregosa the Slasher (Human Fighter)               Turns: 2423, Time: 00:06:07

Health: -17/41     AC:  8    Str: 19    XL:     5   Next: 26%
Magic:  5/5        EV:  9    Int:  8    God:
Gold:   198        SH:  4    Dex: 12    Spells: 4/4 levels left

rFire   . . .        a - +0 long sword
rCold   . . .        c - +0 buckler
rNeg    . . .        b - +0 scale mail
rPois   .            m - +1 helmet
rElec   .            (no cloak)
rCorr   .            (no gloves)
SInv    .            (no boots)
Will    .....        (no amulet) Stlth
                     (no ring)
HPRegen 0.26/turn    (no ring)
MPRegen 0.09/turn

%: no passive effects
@: no status effects
A: explore regen
a: no special abilities


You were on level 4 of the Dungeon.
You visited 1 branch of the dungeon, and saw 4 of its levels.

You collected 198 gold pieces.

Inventory:

Hand Weapons
 a - a +0 long sword (weapon)
 f - a +1 short sword of flaming
Missiles
 h - 10 poisoned darts
 j - 23 stones
 s - 2 boomerangs
Armour
 b - a +0 scale mail (worn)
 c - a +0 buckler (worn)
 m - a +1 helmet (worn)
Jewellery
 i - an amulet of faith
 n - a ring of fire
Wands
 p - a wand of mindburst (12)
Scrolls
 e - a scroll of noise {unknown}
 g - 5 scrolls of identify {unknown}
 k - 2 scrolls of torment {unknown}
 l - 3 scrolls of amnesia {unknown}
 o - a scroll of teleportation {unknown}
 q - a scroll of vulnerability {unknown}
 r - a scroll of immolation {unknown}
Potions
 d - 2 potions of might


   Skills:
 - Level 3.0 Fighting
 + Level 5.3 Long Blades
 - Level 3.0 Armour
 - Level 3.0 Shields


You had 4 spell levels left.
You didn't know any spells.
Your spell library was empty.

Dungeon Overview and Level Annotations

Branches:
Dungeon (4/15)
 Temple: D:4-7

Altars:
Ashenzari
Hepliaklqana
Qazlal

Shops:
D:1 ((!(

Annotations:
D:4 Ijyb


Innate Abilities, Weirdness & Mutations

You regain HP and MP as you explore.


Message History

The scorpion is almost dead.
The scorpion barely misses you.
You barely miss the scorpion.
The scorpion is almost dead.
The scorpion closely misses you. The scorpion stings you.
You are poisoned.
The scorpion poisons you!
You hit the scorpion.
The scorpion is almost dead.
You feel very sick. The scorpion closely misses you.
You closely miss the scorpion.
The scorpion is almost dead.
You feel sick. The scorpion stings you. The scorpion misses you.
You closely miss the scorpion.
The scorpion is almost dead.
You feel sick. You block the scorpion's attack.
You hit the scorpion.
You kill the scorpion!
You feel sick.
Your Long Blades skill increases to level 5!
You have reached level 5!
You start resting.
You feel sick. x5
You are no longer poisoned.
You start resting.
HP restored.
Ijyb the Twisted Goblin comes into view.
She is wielding a +0 club and carrying a wand of mindburst.
A giant cockroach and a goblin come into view.
The goblin shouts!
You hear a shout!
A howler monkey comes into view.
The giant cockroach moves out of view.
The howler monkey howls!
You hear a shout!
The howler monkey hoots and howls with incredible vigour!
Ijyb zaps a wand.
Your mind is blasted!
A kobold comes into view. It is wielding a +0 dagger.
You hear an angry hiss.
Ijyb zaps a wand.
Your mind is blasted!
* * * LOW HITPOINT WARNING * * *
Ijyb zaps a wand.
Your mind is blasted!
You die...

#..#........# #...<.#.#.#.#
......##....†...######## #
##.### ##..#.#.#......... .
...# #..........####..# .
#.#..# #...#.#.#.###...
..##.#..# #.........###.#.##
........# #.....##.#.......#
.....K..####@..####.#.##.....
#..Bg..........#.##.###.
........g...........#.##)# #.
#....#..............#.##.###.
#.......####...######.##.....
######### #...# #.......#
#...# ####>#### ....# #.#
#...# #.#


You could see Ijyb, a giant cockroach and a goblin.

Vanquished Creatures
  A scorpion (D:4)
  3 adders (D:3)
  6 orcs
  4 bats
  4 endoplasms
  6 giant cockroaches
  7 goblins
  4 kobolds
  A quokka (D:2)
  7 ball pythons
  4 frilled lizards
  A rat (D:1)
48 creatures vanquished.

Notes
Turn   | Place    | Note
-------+----------+-------------------------------------------
     0 | D:1      | Azuregosa the Human Fighter began the quest for the Orb.
     0 | D:1      | Reached XP level 1. HP: 18/18 MP: 1/1
    31 | D:1      | Found Hugewkax's Antique Weapon Boutique.
    91 | D:1      | Reached XP level 2. HP: 24/24 MP: 2/2
    94 | D:1      | Found Wobuug's Antique Weapon Shop.
   137 | D:1      | Found Issul's Distillery.
   355 | D:1      | Found Ettayvik's Weapon Shoppe.
   361 | D:1      | Reached skill level 3 in Long Blades
   753 | D:2      | Reached XP level 3. HP: 29/29 MP: 3/3
  1435 | D:3      | Reached skill level 4 in Long Blades
  1497 | D:3      | Reached XP level 4. HP: 35/35 MP: 4/4
  1809 | D:3      | Found a broken altar of Ashenzari.
  1956 | D:3      | Found a hazy altar of Hepliaklqana.
  2190 | D:4      | Found a stormy altar of Qazlal.
  2308 | D:4      | Noticed a scorpion
  2323 | D:4      | Killed a scorpion
  2324 | D:4      | Reached skill level 5 in Long Blades
  2324 | D:4      | Reached XP level 5. HP: 26/41 MP: 5/5
  2415 | D:4      | Noticed Ijyb
  2423 | D:4      | Blown up by Ijyb

Illustrated notes

Levels and vault maps discovered:
D:1:      giann_bridges, layout_rooms, serial_shops, nicolae_shop_statue_plus,
          nicolae_shop_real_fake_doors, shop, shop, minmay_tripent
D:2:      layout_basic
D:3:      layout_loops_corners, mainiacjoe_overflow_cross_hatched,
          nicolae_hepliaklqana_hippocampus
D:4:      layout_loops_cross, mainiacjoe_overflow_boulevard, minivault_25,
          glass_columns_b, serial_library_hellmonk_room_b,
          amcnicky_mini_rare_corridor_liquid, minmay_curled_crystal,
          reono_crystal_passage, uniq_ijyb

Skill      XL: |  1  2  3  4 |
---------------+-------------+-----
Long Blades    | 3 4 5 |  5.3
Fighting       | |  3.0
Armour         | |  3.0
Shields        | |  3.0

Action                     |  1- 3 |  4- 6 || total
---------------------------+-------+-------++-------
  Melee: Short sword       |    25 |       ||    25
         Long sword        |   107 |    49 ||   156
 Armour: Scale mail        |    86 |    25 ||   111
  Dodge: Dodged            |    58 |    31 ||    89
  Block: Buckler           |    26 |    11 ||    37

Table legend: (Time is in decaauts)
 A = Elapsed time spent in this place.
 B = Non-inter-level travel time spent in this place.
 C = Inter-level travel time spent in this place.
 D = Time resting spent in this place.
 E = Time spent auto-exploring this place.
 F = Levels seen in this place.
 G = Mean time per level.
                   A        B        C        D        E       F      G
               +--------+--------+--------+--------+--------+-----+--------+
         Total |   2462 |   2383 |     79 |     81 |   1715 |   4 |  615.5 |
       Dungeon |   2462 |   2383 |     79 |     81 |   1715 |   4 |  615.5 |
               +--------+--------+--------+--------+--------+-----+--------+

Top non-repeatable levels by time:
     D:3: 1099 daAuts
     D:2: 637 daAuts
     D:1: 461 daAuts
     D:4: 265 daAuts
